 Dungeon Crawl Stone Soup version 0.21.1-1-g345015fe64 (webtiles) character file.

4484 Gargoyl the Poker (level 10, -2/124 HPs)
             Began as a Centaur Abyssal Knight on Apr 12, 2018.
             Was a Priest of Lugonu.
             Slain by a killer bee (5 damage)
             ... on level 9 of the Dungeon.
             The game lasted 00:18:00 (8567 turns).

Gargoyl the Poker (Centaur Abyssal Knight)          Turns: 8567, Time: 00:18:01

Health: -2/124     AC: 25    Str: 15    XL:     10   Next: 16%
Magic:  10/15      EV:  1    Int:  8    God:    Lugonu [***...]
Gold:   166        SH:  0    Dex: 16    Spells: 9/9 levels left

rFire    . . .     SeeInvis .   e - +8 scythe of Bile {slice, rElec rPois Int-3}
rCold    . . .     Gourm    .   (shield currently unavailable)
rNeg     + + +     Faith    .   (armour currently unavailable)
rPois    +         Spirit   .   (helmet currently unavailable)
rElec    +         Reflect  .   (cloak currently unavailable)
rCorr    .         Harm     .   (gloves currently unavailable)
MR       .....     NoTele   +   (no barding)
Stlth    +.........             (no amulet)
HPRegen  0.30/turn              d - +4 ring of dexterity
MPRegen  0.14/turn              t - ring of flight

@: lethally poisoned (-2 -> -3), tree-form, vulnerable, drained
A: large
a: Depart the Abyss, Bend Space, Banish, Renounce Religion


You were on level 9 of the Dungeon.
You worshipped Lugonu.
Lugonu was most pleased with you.
You were not hungry.
You were a tree.
You visited 1 branch of the dungeon, and saw 9 of its levels.
You visited the Abyss 1 time.

You collected 344 gold pieces.
You spent 178 gold pieces at shops.

Inventory:

Hand Weapons
 a - a +1 hand axe
 e - the +8 scythe of Bile (weapon) {slice, rElec rPois Int-3}
   (You found it on level 3 of the Abyss)

   It inflicts extra damage upon your enemies.
   It affects your intelligence (-3).
   It insulates you from electricity.
   It protects you from poison.
 q - a +0 broad axe
Missiles
 k - 10 tomahawks (quivered)
Armour
 h - a +1 helmet (melded)
 n - a +1 pair of gloves (melded)
 r - a +0 plate armour (melded)
Jewellery
 d - a +4 ring of dexterity (left branch)
 t - a ring of flight (right branch)
 u - an uncursed amulet of rage {unknown}
Wands
 j - a wand of flame (23)
 l - a wand of clouds (8)
Scrolls
 g - a scroll of teleportation
 s - 3 scrolls of remove curse
Potions
 b - a potion of resistance
 f - a potion of agility
 i - a potion of flight
 m - a potion of brilliance
 v - a potion of lignification
Comestibles
 c - 11 rations


   Skills:
 + Level 5.9(4.8) Fighting
 + Level 1.9(4.1) Axes
 + Level 7.7(6.7) Polearms
 * Level 7.1(6.0) Armour
 + Level 1.1(0.2) Dodging
 * Level 6.8(5.7) Invocations


You had 9 spell levels left.
You didn't know any spells.

Dungeon Overview and Level Annotations

Branches:
Dungeon (9/15)             Temple (0/1) D:5
   Lair: D:8-11         Orc: D:9-12

Altars:
Ashenzari
Cheibriados
Elyvilon
Gozag
Okawaru
Ru
Sif Muna
Wu Jian
Yredelemnul
The Shining One

Shops:
D:4 (   D:6 (   D:8 !

Annotations:
D:9 Maurice
Abyss:1 Joseph


Innate Abilities, Weirdness & Mutations

((You have hooves in place of feet.))
((Armour fits poorly on your strangely shaped body.))
((You cover ground very quickly.))
((You have extremely tough skin. (AC +3)))


Message History

The killer bee stings you but does no damage. x2
The queen bee calls on the killer bee to defend it!
The killer bee goes berserk!
The queen bee calls on the killer bee to defend it!
The killer bee goes berserk!
The killer bee stings you but does no damage.
The killer bee stings you.
* * * LOW HITPOINT WARNING * * *
2 killer bees come into view.
Press: ? - help, Shift-Dir - straight line, f/p - queen bee
Aim: a queen bee (chance to defeat MR: 84%)
The queen bee barely resists.
You feel somewhat more hungry.
You can no longer corrupt the fabric of space.
The killer bee buzzes angrily. x3
The killer bee stings you but does no damage. x4
The queen bee stings you!
* * * LOW HITPOINT WARNING * * *
The killer bee stings you but does no damage.
The killer bee stings you.
You die...

#.###########..........
#.# #.......... #y#
#.......... ##.#
#....##...#
#yy################ ###
#yy...........#
#.....####....##
#...### #.y.# #...#
#.♣.# #..## ##yy# #...
#.... #..#. #......
#..##. #....y.# #... #y
.y.y...# ##.. ##
.......# #.$ .......#


You could see a queen bee and 5 killer bees.

Vanquished Creatures
  Pikel (D:7)
  The ghost of error the Sneak, a novice OpAE of Hepliaklqana (D:7)
  Psyche (D:8)
  The ghost of Xenomina the Poker, a novice DgFi (D:6)
  Prince Ribbit (D:5)
  2 hippogriffs
  A wyvern (D:9)
  Grum (D:8)
  An ice beast (D:5)
  4 sky beasts
  A black bear (D:8)
  An ogre (D:8)
  2 centaurs
  2 wolves
  3 bullfrogs
  A water moccasin skeleton (D:8)
  4 wights (D:7)
  2 crimson imps
  4 hounds
  3 orc priests
  A bullfrog skeleton (D:6)
  4 orc wizards
  2 centaur skeletons
  An iron imp (D:5)
  An iguana (D:5)
  4 worker ants
  Robin (D:2)
  4 adders
  An adder skeleton (D:8)
  2 dart slugs
  9 leopard geckos
  28 orcs
  A ball python (D:5)
  6 bats
  4 giant cockroaches
  11 goblins
  11 hobgoblins
  11 jackals
  5 quokkas
  4 frilled lizards
  2 gnoll zombies (D:2)
  A goblin skeleton (D:5)
  3 hobgoblin zombies (D:5)
  8 kobolds
  A kobold skeleton (D:5)
  A kobold zombie (D:5)
  An orc zombie (D:5)
  4 rats
169 creatures vanquished.

Vanquished Creatures (others)
  A slave (D:8)
  A hound (D:8)
  A giant cockroach (D:2)
3 creatures vanquished.

Grand Total: 172 creatures vanquished

Notes
Turn   | Place    | Note
-------+----------+-------------------------------------------
     0 | Abyss:1  | Gargoyl the Centaur Abyssal Knight began the quest for the Orb.
     0 | Abyss:1  | Reached XP level 1. HP: 19/19 MP: 2/2
    40 | Abyss:3  | Noticed a water nymph
    52 | Abyss:3  | Noticed a small abomination
    59 | Abyss:3  | Found an opulent altar of Gozag.
    63 | Abyss:3  | Noticed a raiju
    69 | Abyss:3  | Noticed a lich
    73 | Abyss:3  | Noticed an ice devil
    75 | Abyss:3  | Got a twisted scythe
    76 | D:1      | Escaped the Abyss
    77 | D:1      | Identified the +8 scythe of Bile {slice, rElec rPois Int-3} (You found it on level 3 of the Abyss)
   120 | D:1      | Reached XP level 2. HP: 26/26 MP: 3/3
   249 | D:1      | Reached * piety under Lugonu
  1007 | D:2      | Noticed Robin
  1034 | D:2      | Reached XP level 3. HP: 31/31 MP: 4/4
  1287 | D:2      | Killed Robin
  1304 | D:2      | Reached skill level 1 in Polearms
  1306 | D:2      | Found a white marble altar of Elyvilon.
  1336 | D:2      | Found an opulent altar of Gozag.
  1466 | D:2      | Found a basalt altar of Yredelemnul.
  1537 | D:2      | Reached XP level 4. HP: 33/38 MP: 5/5
  1872 | D:3      | Reached ** piety under Lugonu
  2390 | D:3      | Found a snail-covered altar of Cheibriados.
  2626 | D:3      | Reached skill level 1 in Dodging
  2626 | D:3      | Reached XP level 5. HP: 46/46 MP: 5/7
  3087 | D:4      | Found a shattered altar of Ashenzari.
  3123 | D:4      | Found Muluint's Antique Weapon Boutique.
  3142 | D:4      | Bought a broad axe for 108 gold pieces
  3290 | D:4      | Reached XP level 6. HP: 51/52 MP: 8/8
  3842 | D:4      | Got a twisted hand axe
  3843 | D:4      | Identified the cursed +2 hand axe of Roumuli {distort, rF+ MR+ Dex-3} (You found it on level 4 of the Dungeon)
  3920 | D:5      | Entered Level 5 of the Dungeon
  3966 | D:5      | Noticed a sky beast
  3976 | D:5      | Killed a sky beast
  3990 | D:5      | Found a glowing golden altar of the Shining One.
  3994 | D:5      | Reached *** piety under Lugonu
  3996 | D:5      | Reached XP level 7. HP: 58/58 MP: 9/9
  4215 | D:5      | Found a deep blue altar of Sif Muna.
  4354 | D:5      | Found a staircase to the Ecumenical Temple.
  4360 | D:5      | Noticed Prince Ribbit
  4376 | D:5      | Killed Prince Ribbit
  4376 | D:5      | Reached XP level 8. HP: 17/67 MP: 11/11
  4995 | D:6      | Noticed Xenomina's ghost (novice DgFi)
  4998 | D:6      | Found a sacrificial altar of Ru.
  5007 | D:6      | Killed Xenomina's ghost
  5007 | D:6      | Reached skill level 5 in Polearms
  5139 | D:6      | Reached skill level 5 in Armour
  5174 | D:6      | Found an iron altar of Okawaru.
  5241 | D:6      | Found Hotirhov's Weapon Shop.
  5421 | D:6      | Reached skill level 5 in Invocations
  5454 | D:6      | Got a scorched sapphire amulet
  5456 | D:6      | Identified the amulet of Vatal {Inacc Int+2} (You found it on level 6 of the Dungeon)
  5500 | D:6      | Found an ornate altar of the Wu Jian Council.
  5815 | D:7      | Noticed Joseph
  5836 | D:7      | HP: 1/67 [Joseph/uncursed quarterstaff (13)]
  5848 | D:7      | HP: 3/67 [Joseph/sling bullet (3)]
  6214 | D:7      | Reached skill level 5 in Fighting
  6305 | D:7      | Banished Joseph
  6508 | D:7      | Reached XP level 9. HP: 71/74 MP: 12/12
  6582 | D:7      | Noticed error's ghost (novice OpAE)
  6589 | D:7      | Killed error's ghost
  7348 | D:8      | Noticed Psyche
  7434 | D:8      | Killed Psyche
  7523 | D:8      | Noticed Grum
  7532 | D:8      | Noticed Pikel
  7535 | D:8      | Killed Grum
  7547 | D:7      | Killed Pikel
  7845 | D:8      | Reached **** piety under Lugonu
  7845 | D:8      | Reached XP level 10. HP: 75/83 MP: 14/14
  7914 | D:8      | Found Medumm's Distillery.
  7940 | D:8      | Bought a potion of heal wounds for 70 gold pieces
  8271 | D:9      | Noticed Maurice
  8277 | D:9      | Paralysed by Maurice for 3 turns
  8550 | D:9      | Paralysed by Maurice for 5 turns
  8567 | D:9      | HP: 3/124 [queen bee (8)]
  8567 | D:9      | Slain by a killer bee

Skill      XL: |  1  2  3  4  5  6  7  8  9 10 |
---------------+-------------------------------+-----
Armour         | 2 3 4 5 6 7 |  7.1
Polearms       | 1 2 3 4 5 7 |  7.7
Dodging        | 1 |  1.1
Invocations    | 3 4 5 6 |  6.8
Fighting       | 4 5 |  5.9
Axes           | |  1.9

Action                   |  1- 3 |  4- 6 |  7- 9 | 10-12 || total
-------------------------+-------+-------+-------+-------++-------
Melee: Scythe            |    72 |   112 |   189 |    35 ||   408
       Kick              |     7 |    16 |    29 |     9 ||    61
Invok: Depart the Abyss  |     1 |       |       |       ||     1
       Banish            |       |       |     3 |     1 ||     4
       Bend Space        |       |       |       |     2 ||     2
  Use: Scroll            |     5 |     6 |     4 |     2 ||    17
       Potion            |       |       |     8 |     2 ||    10
  Eat: Chunk             |     1 |     6 |     9 |       ||    16
       Ration            |       |       |     1 |     1 ||     2
Armor: Leather armour    |    52 |       |       |       ||    52
       Scale mail        |    15 |    46 |       |       ||    61
       Plate armour      |       |    79 |   205 |   110 ||   394
       Skin              |       |       |       |    11 ||    11
Dodge: Dodged            |    80 |    58 |    33 |    11 ||   182
